 Dungeon Crawl Stone Soup version 0.20-a0-1018-ge435b50 (webtiles) character file.

5681 Gorglomux the Arsonist (level 10, -6/69 HPs)
             Began as a Red Draconian Fire Elementalist on Apr 17, 2017.
             Was a Believer of Vehumet.
             Mangled by a sixfirhy (10 damage)
             ... summoned by a kobold demonologist
             ... on level 9 of the Dungeon.
             The game lasted 00:29:34 (10545 turns).

Gorglomux the Arsonist (DrFE)                      Turns: 10545, Time: 00:29:35

Health: -6/69      AC:  9    Str: 10    XL:     10   Next: 47%
Magic:  26/30      EV: 12    Int: 19    God:    Vehumet [**....]
Gold:   561        SH:  0    Dex: 12    Spells: 6/23 levels left

rFire    + . .     SeeInvis .   B - +0 spear
rCold    . . .     Gourm    .   (no shield)
rNeg     . . .     Faith    .   (armour unavailable)
rPois    +         Spirit   .   (helmet restricted)
rElec    .         Reflect  .   m - +0 cloak
rCorr    .         Harm     .   M - +0 pair of gloves
MR       .....                  (no boots)
Stlth    ++........             l - amulet of magic regeneration
Regen    0.3/turn               G - ring of poison resistance {rPois, !d}
MPRegen  0.4/turn               U - ring of magical power {MP+9}

@: very slightly contaminated, hasted, very quick
A: breathe fire, unfitting armour, fire resistance 1, cold-blooded, AC +7
a: Breathe Fire, Renounce Religion


You were on level 9 of the Dungeon.
You worshipped Vehumet.
Vehumet was pleased with you.
You were hungry.

You visited 2 branches of the dungeon, and saw 11 of its levels.

You collected 561 gold pieces.

Inventory:

Hand Weapons
 c - a +0 club
   (You took it off a hobgoblin on level 1 of the Dungeon)
 p - a +0 short sword
   (You took it off a kobold on level 2 of the Dungeon)
 B - a +0 spear (weapon)
   (You found it on level 4 of the Dungeon)
 Q - a +1 dire flail of holy wrath
   (You took it off an orc warrior on level 7 of the Dungeon)
Armour
 m - a +0 cloak (worn)
   (You found it on level 2 of the Dungeon)
 M - a +0 pair of gloves (worn)
   (You found it on level 6 of the Dungeon)
Jewellery
 l - an amulet of magic regeneration (around neck)
   (You found it on level 2 of the Dungeon)
 G - a ring of poison resistance (left hand) {rPois, !d}
   (You found it on level 5 of the Dungeon)
 U - a ring of magical power (right hand) {MP+9}
   (You found it on level 9 of the Dungeon)
Wands
 h - a wand of random effects (18/48)
   (You found it on level 5 of the Dungeon)
 D - a wand of clouds (5/9)
   (You took it off Ijyb on level 4 of the Dungeon)
 F - a wand of confusion (29/48)
   (You found it on level 6 of the Dungeon)
 L - a wand of flame (8/48)
   (You found it on level 6 of the Dungeon)
 N - a wand of scattershot (6/9)
   (You found it on level 6 of the Dungeon)
 O - a wand of polymorph (10/24)
   (You found it on level 6 of the Dungeon)
 S - a wand of lightning (6/15)
   (You found it on level 8 of the Dungeon)
 V - a wand of scattershot (6/9)
   (You found it on level 9 of the Dungeon)
Scrolls
 d - a scroll of magic mapping {unknown}
 j - 8 scrolls of fog
 r - a scroll of random uselessness {unknown}
 s - 2 scrolls of noise {unknown}
 t - 3 scrolls of remove curse
 x - a scroll of immolation {unknown}
 y - 3 scrolls of teleportation {unknown}
 z - 2 scrolls of recharging {unknown}
 A - 2 scrolls of enchant weapon {unknown}
 E - a scroll of vulnerability {unknown}
 H - 3 scrolls of identify
 K - 3 scrolls of amnesia {unknown}
 W - a scroll of blinking {unknown}
Potions
 e - 2 potions of flight
 f - 5 potions of curing
 g - 2 potions of haste
 k - a potion of invisibility {unknown}
 o - a potion of magic {unknown}
 q - 5 potions of heal wounds
 u - 3 potions of might {unknown}
 v - 2 potions of mutation {!q}
 w - a potion of degeneration {unknown}
 I - 3 potions of lignification {unknown}
 T - 2 potions of agility {unknown}
Books
 a - a book of Flames
 J - a book of Callings
   (You found it on level 6 of the Dungeon)
 R - a book of Misfortune
   (You found it on level 7 of the Dungeon)
Comestibles
 b - 5 bread rations {@e1@e1}
 i - 8 meat rations {@e2@e2}
 n - 19 fruits
 C - 11 royal jellies


   Skills:
 - Level 1.7 Dodging
 - Level 1.7 Stealth
 + Level 7.3 Spellcasting
 + Level 10.0 Conjurations
 + Level 2.9 Summonings
 - Level 10.5 Fire Magic
 + Level 2.9 Air Magic


You had 6 spell levels left.
You knew the following spells:

 Your Spells              Type           Power        Failure   Level  Hunger
a - Flame Tongue          Conj/Fire      #####        1%          1    None
b - Summon Lightning Spi  Summ/Air       ###.....     34%         4    ###....
c - Conjure Flame         Conj/Fire      #####...     1%          3    #......
f - Fireball              Conj/Fire      #####.....   4%          5    #####..
s - Sticky Flame          Conj/Fire      #####...     1%          4    ###....


Dungeon Overview and Level Annotations

Branches:
Dungeon (10/15)            Temple (1/1) D:7
   Lair: D:8-11         Orc: D:9-12

Altars:
Ashenzari
Cheibriados
Fedhas
Gozag
Hepliaklqana
Makhleb
Nemelex Xobeh
Okawaru
Qazlal
Ru
Trog
Vehumet
Wu Jian
Yredelemnul
Zin
The Shining One

Shops:
D:5 [   D:8 [


Innate Abilities, Weirdness & Mutations

You can breathe blasts of fire.
Your fiery red scales are hard. (AC +7)
You cannot fit into any form of body armour.
Your flesh is heat resistant. (rF+)
You are cold-blooded and may be slowed by cold attacks.


Message History

You now have 28/29 mp.
Aim: a killer bee (severely wounded)
The flame tongue hits the killer bee.
The troll shouts!
The killer bee stings you. The killer bee closely misses you.
You take 1 damage, and have 68/69 hp.
You now have 27/29 mp.
Aim: a killer bee You breathe a blast of fire.
The fiery breath misses the killer bee.
The fiery breath hits the killer bee. x2
You are feeling hungry.
The killer bee stings you!
The killer bee is engulfed in blazing flames.
The killer bee barely misses you.
You take 8 damage, and have 60/69 hp.
The killer bee stings you but does no damage. x3
The killer bee misses you.
MP restored: 29 The killer bee stings you but does no damage.
The killer bee barely misses you. The killer bee completely misses you.
There is a stone staircase leading up here.
Aim: a killer bee (almost dead) That beam is likely to hit you.
Continue anyway?
The fireball explodes!
The fireball engulfs the killer bee.
You kill the killer bee!
Vehumet accepts your kill.
The fireball engulfs the killer bee.
You kill the killer bee!
Vehumet accepts your kill.
You feel your power returning. The fireball engulfs you! You resist.
The fireball engulfs the killer bee. x2
You kill the killer bee!
Vehumet accepts your kill.
You feel your power returning.
You hear a shout! x3; You hear an angry hiss.
The killer bee stings you but does no damage.
The killer bee stings you.
You take 10 damage, and have 52/69 hp.
You now have 26/30 mp.
Aim: a killer bee (severely wounded)
The flame tongue hits the killer bee.
The killer bee appears unharmed.
The killer bee stings you but does no damage.
The killer bee barely misses you.
You now have 25/30 mp.
Aim: a killer bee (severely wounded)
The flame tongue misses the killer bee.
The flame tongue hits the troll.
The killer bee closely misses you. The killer bee stings you!
You are poisoned.
The killer bee poisons you!
You take 10 damage, and have 42/69 hp.
Aim: a killer bee (severely wounded)
The flame tongue misses the killer bee.
The flame tongue misses the troll.
You have got your breath back.
You feel sick. The killer bee barely misses you. The killer bee stings you!
You take 10 damage, and have 32/69 hp.
You now have 24/30 mp.
Aim: a killer bee (severely wounded)
The flame tongue hits the killer bee.
You kill the killer bee!
Vehumet accepts your kill.
You feel sick.
An orc priest comes into view. It is wielding a mace.
You take 1 damage, and have 31/69 hp.
You now have 23/30 mp.
Unknown command.
You climb upwards.
You feel sick.
There is a stone staircase leading down here.
You take 1 damage, and have 30/69 hp.
You start resting.
Eating a chunk of flesh {@w0@w0}.
You eat the chunk of flesh {@w0@w0}.
You feel sick. x6
You are no longer poisoned.
You take 2 damage, and have 28/69 hp.
MP restored: 30 You start resting.
You are feeling hungry.
You regained 35 hp, and now have 63/69 hp.
A kobold demonologist comes into view. It is wielding a dagger.
The kobold demonologist shouts!
The kobold demonologist mumbles some strange words.
You regained 2 hp, and now have 65/69 hp.
The kobold demonologist casts a spell.
Okay, then.
You miscast Fireball.
You are very lightly contaminated with residual magic.
You have a brief vision of globes of primordial fire.
The sixfirhy hits you! The sixfirhy shocks you! The sixfirhy hits you.
The sixfirhy shocks you!
You take 34 damage, and have 31/69 hp.
MASSIVE DAMAGE!!
You now have 25/30 mp.
As you read the scroll labeled ROLE HEFEAFIWN, it crumbles to dust.
The scroll dissolves into smoke.
It was a scroll of fog.
The sixfirhy barely misses you.
You feel yourself speed up. The sixfirhy barely misses you.
The sixfirhy hits you! The sixfirhy shocks you!
* * * LOW HITPOINT WARNING * * *
You take 18 damage, and have 13/69 hp.
MASSIVE DAMAGE!!
Okay, then.
The sixfirhy hits you!
* * * LOW HITPOINT WARNING * * *
The sixfirhy shocks you!
You die...

...#.............######.# ##.#
........................# #.#
.#._.#..................#####.#
..÷.....)###.#######........#.#
...#.....# #.# ###.####.#.#
.........# #.#### ##.# #>..#
####../..###....### #..# ##..#
.####.........#..§###§## #..##
......#...###...@3§§§§## #...#
.######.......####§§§§.#####...#
.# #.......# #§§K§§......#..#
#######.......# #.§§§§(.###....#
........<.....# #....(..# ###..##
#######.......# ##.K4..## ###..#
#######.......# ##.....#####)...#
(....##.......# #............#[..
..............###........#####...


You could see a sixfirhy.

Vanquished Creatures
  A two-headed ogre (D:8)
  A hornet (D:8)
  Grinder (D:4)
  Eustachio (D:6)
  3 hungry ghosts
  A soldier ant (D:8)
  An acid dragon (D:8)
  4 orc warriors
  2 ice beasts
  A sky beast (D:6)
  A phantom (D:6)
  3 ogres
  3 centaurs
  3 big kobolds
  4 bullfrogs
  4 killer bees (D:10)
  4 electric eels (D:6)
  6 wights
  A howler monkey (D:7)
  A bullfrog zombie (D:6)
  A crimson imp (D:7)
  A centaur skeleton (D:4)
  3 jellies
  5 orc priests
  3 bullfrog skeletons
  3 hounds
  11 orc wizards
  Ijyb (D:4)
  Jessica (D:2)
  2 iguanas
  Natasha (D:4)
  A killer bee zombie (D:8)
  6 worker ants
  2 hound zombies
  2 hound skeletons
  A worker ant zombie (D:9)
  11 gnolls
  15 adders
  A shadow imp (D:9)
  3 adder skeletons
  3 worms
  2 dart slugs
  2 leopard geckos
  24 orcs
  A ball python (D:1)
  4 giant cockroaches
  5 goblins
  4 hobgoblins (D:1)
  8 jackals
  3 quokkas
  A ball python skeleton (D:5)
  7 bats
  5 frilled lizards
  21 kobolds
  2 quokka skeletons
  5 rats
217 creatures vanquished.

Notes
Turn   | Place    | Note
-------+----------+-------------------------------------------
     0 | D:1      | Gorglomux the Draconian Fire Elementalist began the quest for the Orb.
     0 | D:1      | Reached XP level 1. HP: 14/14 MP: 3/3
   296 | D:1      | Reached XP level 2. HP: 20/20 MP: 0/5
   694 | D:1      | Reached skill level 2 in Conjurations
  1132 | D:2      | Noticed Jessica
  1142 | D:2      | Killed Jessica
  1142 | D:2      | Reached XP level 3. HP: 26/26 MP: 2/6
  1147 | D:2      | Learned a level 3 spell: Conjure Flame
  2051 | D:2      | Reached XP level 4. HP: 33/33 MP: 6/8
  2705 | D:3      | Reached skill level 3 in Conjurations
  3226 | D:3      | Found a basalt altar of Yredelemnul.
  3323 | D:3      | Found a sparkling altar of Nemelex Xobeh.
  3569 | D:4      | Reached skill level 3 in Spellcasting
  3569 | D:4      | Reached XP level 5. HP: 38/38 MP: 5/9
  3632 | D:4      | Reached skill level 4 in Fire Magic
  3704 | D:4      | Reached skill level 4 in Conjurations
  3746 | D:4      | Found a glowing golden altar of the Shining One.
  3941 | D:4      | Reached XP level 6. HP: 42/45 MP: 2/10
  3947 | D:4      | Learned a level 4 spell: Sticky Flame
  4076 | D:4      | Noticed Ijyb
  4242 | D:4      | Noticed Grinder
  4388 | D:4      | Reached skill level 5 in Conjurations
  4413 | D:4      | Killed Ijyb
  4885 | D:4      | Paralysed by Grinder for 2 turns
  4886 | D:4      | Killed Grinder
  4886 | D:4      | Reached skill level 4 in Spellcasting
  4886 | D:4      | Reached skill level 5 in Fire Magic
  4886 | D:4      | Your scales start taking on a fiery red colour.
  4886 | D:4      | Reached skill level 6 in Fire Magic
  4886 | D:4      | Reached XP level 7. HP: 30/50 MP: 5/13
  4886 | D:4      | Gained mutation: Your flesh is heat resistant. (rF+) [Red Draconian growth]
  5042 | D:4      | Noticed Natasha
  5049 | D:4      | Killed Natasha
  5049 | D:4      | Reached skill level 6 in Conjurations
  5317 | D:5      | Entered Level 5 of the Dungeon
  5432 | D:5      | Found Ciecw's Armour Boutique.
  6169 | D:6      | Noticed Eustachio
  6196 | D:6      | Killed Eustachio
  6196 | D:6      | Reached XP level 8. HP: 54/57 MP: 7/15
  6255 | D:6      | Reached skill level 7 in Conjurations
  6309 | D:6      | Reached skill level 7 in Fire Magic
  6400 | D:6      | Reached skill level 5 in Spellcasting
  6681 | D:6      | Learned a level 5 spell: Fireball
  6686 | D:6      | Learned a level 4 spell: Summon Lightning Spire
  6870 | D:6      | Reached skill level 8 in Conjurations
  7472 | D:7      | Reached skill level 8 in Fire Magic
  7472 | D:7      | Reached XP level 9. HP: 62/62 MP: 7/17
  7769 | D:7      | Reached skill level 6 in Spellcasting
  7871 | D:7      | Found a staircase to the Ecumenical Temple.
  7908 | Temple   | Entered the Ecumenical Temple
  7916 | Temple   | Became a worshipper of Vehumet
  8079 | D:7      | Reached skill level 9 in Fire Magic
  8171 | D:7      | Reached skill level 9 in Conjurations
  8387 | D:7      | Reached * piety under Vehumet
  8387 | D:7      | Offered knowledge of Shock by Vehumet.
  8715 | D:8      | Found Duipitz's Armour Shoppe.
  8722 | D:8      | Reached skill level 10 in Fire Magic
  8802 | D:8      | Paralysed by a hornet for 3 turns
  8993 | D:8      | Reached XP level 10. HP: 51/69 MP: 10/20
  9248 | D:8      | Noticed a two-headed ogre
  9267 | D:8      | Killed a two-headed ogre
  9267 | D:8      | Reached skill level 7 in Spellcasting
  9267 | D:8      | Reached skill level 1 in Summonings
  9267 | D:8      | Reached skill level 1 in Air Magic
  9426 | D:8      | Reached ** piety under Vehumet
  9426 | D:8      | Offered knowledge of Sting by Vehumet.
  9676 | D:9      | Reached skill level 2 in Air Magic
  9733 | D:9      | Found a radiant altar of Vehumet.
  9740 | D:9      | Reached skill level 2 in Summonings
  9742 | D:9      | Gorglomux: !lg migl
  9742 | D:9      | beem: 1. migl the Cleaver (L8 MiGl of Makhleb), slain by a killer bee on D:9 on 2016-01-14 08:27:09, with 1019 points after 2180 turns and 0:28:02.
  9742 | D:9      | Gorglomux: !log . migl
  9742 | D:9      | beem: 1. Gorglomux, XL26 MiGl, T:60029: http://crawl.xtahua.com/crawl/morgue/Gorglomux/morgue-Gorglomux-20161230-140455.txt
  9742 | D:9      | Gorglomux: !log . mimo
  9742 | D:9      | beem: 4. Gorglomux, XL27 MiMo, T:118045: http://crawl.xtahua.com/crawl/morgue/Gorglomux/morgue-Gorglomux-20170220-184258.txt
 10109 | D:9      | Reached skill level 10 in Conjurations
 10267 | D:10     | Entered Level 10 of the Dungeon
 10268 | D:10     | Noticed a molten gargoyle
 10540 | D:9      | Noticed a sixfirhy
 10544 | D:9      | HP: 13/69 [sixfirhy[a kobold demonologist] (10)]
 10545 | D:9      | HP: 4/69 [sixfirhy[a kobold demonologist] (10)]
 10545 | D:9      | Mangled by a sixfirhy

Vault maps used:
D:1:      dpeg_arrival_round_b, kennysheep_flooded_box
D:2:      dk_vineyard_2, minmay_misc_feat_columns, uniq_jessica
D:3:      lemuel_coloured_pillars_altar, st_stairs_9,
          nemelex_lonely_heart_becter
D:4:      nicolae_tso_swordbearing_angel, uniq_grinder, uniq_iyjb, uniq_natasha
D:5:      first_bread, serial_shops, shop
D:6:      serial_bayou, serial_bayou_lake_a, serial_bayou_crossing,
          serial_bayou_pond_e, serial_bayou_pond_c, uniq_eustachio
D:7:      minmay_temple_entry_enclosed_plants
D:8:      serial_shops, shop, hangedman_pestilent_swarm
D:9:      vehumet_altar_wand_db
D:10:     minivault_8
Temple:   dpeg_three_leaves_temple

Skill      XL: |  1  2  3  4  5  6  7  8  9 10 |
---------------+-------------------------------+-----
Conjurations   | 2 3 4 5 6 8 9 10 | 10.0
Spellcasting   | 3 4 5 6 7 |  7.3
Fire Magic     | 4 6 8 10 | 10.5
Summonings     | 2 |  2.9
Air Magic      | 2 |  2.9
Dodging        | |  1.7
Stealth        | |  1.7

Action                   |  1- 3 |  4- 6 |  7- 9 | 10-12 || total
-------------------------+-------+-------+-------+-------++-------
Melee: Club              |    23 |       |       |       ||    23
       Tailslap          |     4 |     7 |    10 |       ||    21
       Short sword       |       |    49 |       |       ||    49
       Spear             |       |    20 |   107 |       ||   127
       Dire flail        |       |       |    23 |       ||    23
 Cast: Flame Tongue      |    57 |   112 |   135 |    56 ||   360
       Conjure Flame     |       |     4 |     8 |       ||    12
       Sticky Flame      |       |     5 |    17 |     5 ||    27
       Fireball          |       |       |    10 |    11 ||    21
 Abil: Breathe Fire      |       |       |    21 |     7 ||    28
Evoke: Wand              |       |       |     6 |       ||     6
  Use: Scroll            |       |       |     6 |     1 ||     7
       Potion            |       |       |       |     1 ||     1
 Stab: Sleeping          |       |     3 |     2 |       ||     5
       Distracted        |       |       |     1 |       ||     1
       Confused          |       |       |     1 |       ||     1
  Eat: Chunk             |     4 |    10 |    22 |    11 ||    47
       Royal jelly       |       |       |     1 |       ||     1
Armor: Skin              |    20 |    19 |    80 |    19 ||   138
Dodge: Dodged            |    44 |    66 |   116 |    20 ||   246

Vault maps used:
D:1:      dpeg_arrival_round_b, kennysheep_flooded_box
D:2:      dk_vineyard_2, minmay_misc_feat_columns, uniq_jessica
D:3:      lemuel_coloured_pillars_altar, st_stairs_9,
          nemelex_lonely_heart_becter
D:4:      nicolae_tso_swordbearing_angel, uniq_grinder, uniq_iyjb, uniq_natasha
D:5:      first_bread, serial_shops, shop
D:6:      serial_bayou, serial_bayou_lake_a, serial_bayou_crossing,
          serial_bayou_pond_e, serial_bayou_pond_c, uniq_eustachio
D:7:      minmay_temple_entry_enclosed_plants
D:8:      serial_shops, shop, hangedman_pestilent_swarm
D:9:      vehumet_altar_wand_db
D:10:     minivault_8
Temple:   dpeg_three_leaves_temple

Table legend:
 A = Turns spent in this place as a percentage of turns spent in the entire game.
 B = Non-inter-level travel turns spent in this place as a percentage of non-inter-level travel turns spent in the entire game.
 C = Inter-level travel turns spent in this place as a percentage of turns spent in this place.
 D = Turns resting spent in this place as a percentage of non-inter-level travel turns spent in this place.
 E = Turns spent auto-exploring this place as a percentage of non-inter-level travel turns spent in this place.
 F = Non-inter-level travel turns spent in this place divided by the number of levels of this place that you've seen.
                   A       B       C       D       E      F
               +-------+-------+-------+-------+-------+----------------------
         Total | 100.0 | 100.0 |   0.6 |   6.0 |   9.9 | 238.5
       Dungeon |  99.6 |  99.7 |   0.6 |   6.0 |   9.9 | 261.5
        Temple |   0.4 |   0.3 |  10.0 |   0.0 |   0.0 |   9.0
               +-------+-------+-------+-------+-------+----------------------

Table legend:
 A = Kills in this place as a percentage of kills in entire the game.
 B = Kills by you in this place as a percentage of kills by you in the entire game.
 C = Kills by friends in this place as a percentage of kills by friends in the entire game.
 D = Other kills in this place as a percentage of other kills in the entire game.
 E = Experience gained in this place as a percentage of experience gained in the entire game.
 F = Experience gained in this place divided by the number of levels of this place that you have seen.
                   A       B       C       D       E      F
               +-------+-------+-------+-------+-------+----------------------
         Total | 100.0 | 100.0 |  -nan |  -nan | 100.0 | 737.8
       Dungeon | 100.0 | 100.0 |  -nan |  -nan | 100.0 | 811.6
               +-------+-------+-------+-------+-------+----------------------
